AoeStats
← 150490644@

Arabia

507440185Analyzed
1v1 RM · 13d ago on Sep 18, 2026· 46m 4s· 2 players
Game mode
Random Map
Map size
Tiny (2 player)
Population
200
Speed
Normal
Resources
Standard
Victory
Conquest
Starting age
Dark Age
Ending age
Imperial Age
RankedLock teamsTeams togetherTeam positionsShared explorationLock speedFull tech treeHidden civsTurbo modeCheats
Victory
Defeat
🇻🇳 Franks · Vietnam
982
+38
🇮🇹 Franks · Italy
1013
-17
GANADO
9:23 Feudal Age
10:16 Double-Bit Axe
16:40 Loom
20:52 Castle Age
19:04 Gold Mining
21:35 Husbandry
22:17 Scale Barding Armor
23:26 Pikeman
26:45 Bow Saw
27:07 Sanctity
27:36 Forging
27:47 Chain Barding Armor
29:32 Squires
34:55 Imperial Age
35:23 Cavalier
38:39 Wheelbarrow
38:53 Iron Casting
39:56 Halberdier
40:26 Arson
41:15 Chivalry
45:23 Blast Furnace
44:59 Plate Barding Armor
150490644@
6:29 Loom
9:29 Feudal Age
10:07 Double-Bit Axe
21:41 Castle Age
19:41 Gold Mining
20:39 Scale Barding Armor
21:52 Forging
22:30 Wheelbarrow
21:52 Stone Mining
23:31 Chain Barding Armor
24:51 Bow Saw
27:56 Husbandry
28:33 Hand Cart
29:52 Gold Shaft Mining
31:29 Town Watch
41:00 Imperial Age
44:00 Cavalier
Connection lost

Rejoining the realm…

Still unreachable

The connection could not be restored.

Session expired

The server has moved on; the page needs a fresh start.